 Dungeon Crawl Stone Soup version 0.16.1-16-gc44b35d (webtiles) character file.

49010 hulla the Infuser (level 14, -12/94 HPs)
             Began as an Octopode Transmuter on Apr 16, 2015.
             Was a High Priest of Makhleb.
             Killed from afar by an ice dragon (66 damage)
             ... with a blast of cold
             ... on level 8 of the Lair of Beasts.
             The game lasted 04:28:11 (35014 turns).

hulla the Infuser (Octopode Transmuter)            Turns: 35014, Time: 04:28:14

Health: -12/94     AC:  3    Str:  9    XL:     14   Next: 48%
Magic:  14/27      EV: 17    Int: 21    God:    Makhleb [*****.]
Gold:   1037       SH:  0    Dex: 14    Spells: 5 memorised, 6 levels left

rFire  + . .     SeeInvis +     X - 7 arrows (flame)
rCold  x . .     Rnd*Rage +     (no shield)
rNeg   + . .     SustAb   .     (helmet restricted)
rPois  +         Gourm    .     (no amulet)
rElec  .         Spirit   .     F - ring of see invisible
rCorr  .         Warding  .     k - ring of fire
rMut   .         Stasis   .     h - ring of poison resistance
MR     +++..                    H - ring of positive energy
Stlth  +++.......               g - ring of protection from magic
                                Y - ring of protection from magic
                                (no ring)
                                (no ring)

@: very slightly contaminated, extremely resistant to hostile enchantments,
fairly stealthy
A: almost no armour, amphibious, 8 rings, constrict 8, thin metallic scales 1,
camouflage 1, agile 1, berserk 1, breathe flames 1, gelatinous body 1
a: Minor Destruction, Lesser Servant of Makhleb, Major Destruction, Greater
Servant of Makhleb, Renounce Religion, Breathe Fire


You were on level 8 of the Lair of Beasts.
You worshipped Makhleb.
Makhleb was extremely pleased with you.
You were very hungry.

You visited 3 branches of the dungeon, and saw 19 of its levels.
You also visited: Volcano.

You collected 1037 gold pieces.

Inventory:

Hand weapons
 a - a +3 hunting sling
Missiles
 b - 143 arrows
 y - 95 sling bullets
 S - 8 poisoned needles
 X - 7 arrows of flame (in tentacle)
Magical staves
 R - an uncursed staff of cold
 W - an uncursed staff of summoning
Jewellery
 f - an uncursed ring of ice
 g - a ring of protection from magic (on tentacle)
 h - a ring of poison resistance (on tentacle)
 k - a ring of fire (right tentacle)
 F - a ring of see invisible (left tentacle)
 H - a ring of positive energy (on tentacle)
 Y - a ring of protection from magic (on tentacle)
Magical devices
 j - a wand of lightning (7)
 l - a wand of polymorph (11)
 s - a wand of invisibility (3)
 v - a wand of slowing (32)
 x - a wand of fireball (8)
 G - a wand of digging (9)
 L - a wand of lightning (1)
 Z - a wand of digging (9)
Scrolls
 d - 2 scrolls of recharging
 i - a scroll of teleportation
 m - 2 scrolls of enchant weapon
 q - 6 scrolls of remove curse
 A - 2 scrolls of enchant armour
 E - 10 scrolls of identify
 J - 2 scrolls of amnesia
 N - 2 scrolls of fog
 P - 2 scrolls of magic mapping
Potions
 c - 14 potions of curing
 n - a potion of resistance
 p - 3 potions of might
 u - a potion of brilliance
 C - 3 potions of magic
 D - a potion of experience
 I - 2 potions of berserk rage
 K - 2 potions of haste
 O - 3 potions of mutation
 Q - 2 potions of restore abilities
 U - 3 potions of flight
Books
 o - a book of Ice

   Spells                             Type                      Level
   a - Ice Form                       Ice/Transmutation            4
   b - Metabolic Englaciation         Hexes/Ice                    5
   c - Ozocubu's Refrigeration        Ice                          6
   d - Bolt of Cold                   Conjuration/Ice              6
   e - Freezing Cloud                 Conjuration/Ice/Air          6
   f - Simulacrum                     Ice/Necromancy               6
 r - a book of Enchantments

   Spells                             Type                      Level
   a - Tukima's Dance                 Hexes                        3
   b - Cause Fear                     Hexes                        4
   c - Silence                        Hexes/Air                    5
   d - Deflect Missiles               Charms/Air                   6
   e - Haste                          Charms                       6
   f - Discord                        Hexes                        8
 w - the Guide on Cloudy Contamination
   (You found it on level 7 of the Dungeon)

   Spells                             Type                      Level
   a - Sting                          Conjuration/Poison           1
   b - Swiftness                      Charms/Air                   2
   c - Olgreb's Toxic Radiance        Poison                       4
   d - Alistair's Intoxication        Transmutation/Poison         4
   e - Tornado                        Air                          9
 V - a book of Transfigurations

   Spells                             Type                      Level
   a - Stoneskin                      Transmutation/Earth          2
   b - Irradiate                      Conjuration/Transmutation    5
   c - Statue Form                    Transmutation/Earth          6
   d - Hydra Form                     Transmutation                6
   e - Dragon Form                    Transmutation                7
Miscellaneous
 e - a sack of spiders
Comestibles
 t - 10 bread rations
 z - 4 chunks of flesh
 B - 7 meat rations
 M - 10 beef jerkies
 T - 8 fruits


   Skills:
 - Level 8.1 Fighting
 - Level 8.3 Dodging
 - Level 10.3 Unarmed Combat
 - Level 5.0 Spellcasting
 - Level 13.0 Charms
 + Level 9.8 Transmutations
 - Level 5.0 Ice Magic
 - Level 3.2 Poison Magic
 - Level 10.0 Invocations


You had 6 spell levels left.
You knew the following spells:

 Your Spells              Type           Power        Failure   Level  Hunger
a - Haste                 Chrm           ######..     10%         6    #######
b - Spider Form           Trmt/Pois      ####......   2%          3    ##.....
c - Sticks to Snakes      Trmt           #####.....   1%          2    None
d - Ice Form              Ice/Trmt       ###.....     6%          4    ####...
e - Swiftness             Chrm/Air       ####....     1%          2    None


Dungeon Overview and Level Annotations

Branches:
Dungeon (10/15)            Temple (1/1) D:4            Lair (8/8) D:10
 Shoals (0/5) Lair:3        Snake (0/5) Lair:4        Slime (0/6) Lair:6
    Orc: D:9-12

Altars:
Ashenzari
Cheibriados
Dithmenos
Fedhas
Gozag
Kikubaaqudgha
Makhleb
Nemelex Xobeh
Okawaru
Qazlal
Sif Muna
Trog
Vehumet
Xom
Zin

Shops:
D:9 }%*(

Annotations:
D:7 Edmund
D:10 Nergalle
Lair:4 EmilioHeskey's ghost, powerful DDFi
Lair:6 exclusion: oklob plant


Innate Abilities, Weirdness & Mutations

You cannot wear most types of armour.
You are amphibious.
You can wear up to eight rings at the same time.
You can use your tentacles to constrict many enemies at once.
Your skin changes colour to match your surroundings (Stealth).
Your rubbery body absorbs attacks (AC +1).
You are partially covered in thin metallic scales (AC +2).
You are agile. (Dex +2)
You tend to lose your temper in combat.
You can breathe flames.


Message History

Your adder barely misses the ice dragon.
Your adder bites the orange demon.
The ice dragon bites you! The ice dragon claws you. The ice dragon misses you.
Casting: Sticks to Snakes
Confirm with . or Enter, or press ? or * to list all spells.
Aiming: Haste
Press: ? - help, Shift-Dir - straight line, f - you You miscast Haste.
You are very lightly contaminated with residual magic.
Your skin tingles.
You are feeling very hungry.
Your water moccasin completely misses the ice dragon.
Your adder misses the ice dragon.
Your adder bites the ice dragon.
Your adder barely misses the orange demon.
Your water moccasin bites the ice dragon but does no damage.
You hear a grinding noise.
The ice dragon breathes frost at you. The blast of cold hits you!
You feel a terrible chill!
Ouch! That really hurt!
You die...

.# #.##.P.### #####
.####
##.......######....
....##
###...#.#.....##.....
.....#
#....######....#..###
...P.# #8.##.#
###....## ....P#
#...### ###...###
...P.# #'#SSS###
##..... ....P#
$$###D4..# ##....
...P.# #$.$ ##@S##
##.... ...PP# #$D$
##..### ##...#.
#..PP# #$$$ #....#
##...#.# ....P## #$
#####..## ###...####
......#### ##....P##
#..P..P##
.......P#####.#...##
##......#
.........##........#
##......#
.........#.....PPP.#
#.......#
........PP.......###
####...##


You could see an ice dragon, an orange demon, a friendly water moccasin and 3
friendly adders.

Vanquished Creatures
  Fannar (Lair:5)
  A catoblepas (Lair:4)
  A hydra (Lair:3)
  3 death yaks (Lair:7)
  A fire crab (Lair:8)
  A hill giant (D:10)
  12 elephants
  A siren (Lair:3)
  5 torpor snails (Lair:8)
  A queen ant (Lair:6)
  An orange demon (Lair:8)
  12 black mambas
  8 komodo dragons
  9 spiny frogs
  A fire drake (Lair:5)
  An efreet (Volcano)
  A polar bear (Lair:5)
  A two-headed ogre (D:10)
  2 giant leeches (Lair:8)
  4 basilisks
  14 blink frogs
  25 yaks
  A wyvern (Lair:8)
  7 hippogriffs
  2 fire elementals (Volcano)
  2 hungry ghosts
  14 wolves
  2 wargs (D:10)
  4 sky beasts
  17 water moccasins
  2 orc warriors
  19 soldier ants (Lair:6)
  9 ice beasts
  16 porcupines
  3 wasps (Lair:8)
  2 black bears
  10 ogres
  A boring beetle (Lair:8)
  5 centaurs
  26 crocodiles
  Duvessa (D:9)
  A big kobold (D:9)
  4 brain worms (Lair:8)
  18 giant frogs
  2 scorpions
  5 killer bees (D:10)
  4 wights (D:9)
  Dowan (D:9)
  A goliath beetle (D:10)
  4 crimson imps
  4 jellies
  A giant frog zombie (D:10)
  9 hounds
  Crazy Yiuf (D:2)
  8 orc priests
  18 iguanas
  6 orc wizards
  21 worker ants
  A killer bee zombie (D:8)
  23 sheep
  Terence (D:2)
  2 hound skeletons
  2 mummies
  53 river rats
  26 adders
  A shadow imp (D:5)
  A giant mite (D:9)
  19 worms
  An adder skeleton (D:4)
  16 giant geckos
  3 oozes
  35 orcs
  4 ball pythons
  12 bats
  A bat skeleton (D:7)
  A bat zombie (D:5)
  5 giant cockroaches
  14 hobgoblins
  14 jackals
  11 kobolds
  16 quokkas
  A giant gecko skeleton (D:4)
  7 giant newts
  A giant spore (D:6)
  7 goblins
  A quokka skeleton (D:5)
  10 rats
  6 ballistomycetes (D:10)
  A butterfly (Lair:8)
  A fungus (Lair:7)
  5 plants
659 creatures vanquished.

Vanquished Creatures (collateral kills)
  A hydra (Lair:8)
  2 lindwurms (Lair:8)
  3 black mambas (Lair:1)
  A gargoyle (Volcano)
  A komodo dragon (Lair:1)
  2 blink frogs
  4 yaks
  A soldier ant (Lair:6)
  A hippogriff (Lair:3)
  A porcupine (Lair:1)
  2 ice beasts (Lair:5)
  An ogre (D:4)
  A worker ant (Lair:6)
  An orc (D:9)
  A quokka (Lair:2)
23 creatures vanquished.

Vanquished Creatures (others)
  4 smoke demons
  An orange demon (Lair:3)
  2 ynoxinuls (Lair:8)
  2 neqoxecs
  2 white imps (Lair:8)
  2 shadow imps (Lair:8)
  An ufetubus (Lair:8)
  A giant spore (D:10)
  A bush (Lair:8)
  10 fungi
  13 plants
39 creatures vanquished.

Grand Total: 721 creatures vanquished

Notes
Turn   | Place    | Note
--------------------------------------------------------------
     0 | D:1      | hulla, the Octopode Transmuter, began the quest for the Orb.
     0 | D:1      | Reached XP level 1. HP: 13/13 MP: 3/3
   168 | D:1      | Reached XP level 2. HP: 15/18 MP: 4/4
   760 | D:1      | Reached XP level 3. HP: 21/23 MP: 6/6
   765 | D:1      | Learned a level 3 spell: Spider Form
   768 | D:1      | Learned a level 2 spell: Sticks to Snakes
  1282 | D:2      | Noticed Terence
  1385 | D:2      | Reached skill level 1 in Poison Magic
  1790 | D:2      | Reached XP level 4. HP: 23/28 MP: 3/7
  1808 | D:2      | Killed Terence
  2722 | D:2      | Noticed Crazy Yiuf
  2731 | D:2      | Killed Crazy Yiuf
  2731 | D:2      | Reached skill level 4 in Transmutations
  2731 | D:2      | Reached XP level 5. HP: 9/33 MP: 2/9
  3591 | D:3      | Reached XP level 6. HP: 42/42 MP: 6/10
  3916 | D:3      | Gained mutation: You are agile. (Dex +2) [potion of mutation]
  3916 | D:3      | Gained mutation: You can breathe flames. [potion of mutation]
  3916 | D:3      | Gained mutation: You tend to lose your temper in combat. [potion of mutation]
  3917 | D:3      | Gained mutation: You are partially covered in thin metallic scales (AC +2). [potion of beneficial mutation]
  4107 | D:4      | Found a staircase to the Ecumenical Temple.
  4151 | Temple   | Entered the Ecumenical Temple
  4609 | D:4      | Reached XP level 7. HP: 45/48 MP: 6/12
  4616 | D:4      | Learned a level 4 spell: Ice Form
  4837 | D:4      | Reached skill level 1 in Ice Magic
  4857 | D:4      | Found a blossoming altar of Fedhas.
  5090 | D:5      | Entered Level 5 of the Dungeon
  5262 | D:5      | Reached skill level 5 in Transmutations
  5575 | D:5      | Found a sparkling altar of Nemelex Xobeh.
  5940 | D:5      | Reached XP level 8. HP: 54/54 MP: 11/13
  6478 | D:6      | Found an ancient bone altar of Kikubaaqudgha.
  6478 | D:6      | Found a glowing silver altar of Zin.
  6501 | D:6      | Reached skill level 5 in Ice Magic
  6918 | D:6      | Reached skill level 6 in Transmutations
  7298 | D:6      | Reached skill level 7 in Transmutations
  7428 | D:7      | Identified the Guide on Cloudy Contamination
  7604 | D:7      | Reached skill level 8 in Transmutations
  7606 | D:7      | Reached XP level 9. HP: 52/58 MP: 10/14
  7953 | D:7      | Found a radiant altar of Vehumet.
  7954 | D:7      | Found a burning altar of Makhleb.
  7961 | D:7      | Became a worshipper of Makhleb the Destroyer
  8024 | D:7      | Reached skill level 1 in Invocations
  8158 | D:7      | Noticed Edmund
  8178 | D:7      | HP: 1/60 [poisoned by Edmund]
  8543 | D:8      | Reached skill level 5 in Fighting
  8610 | D:8      | Reached skill level 5 in Unarmed Combat
  9141 | D:8      | Acquired Makhleb's first power
  9637 | D:8      | Reached skill level 5 in Invocations
 10107 | D:9      | Reached XP level 10. HP: 63/66 MP: 20/20
 10184 | D:9      | Found Schillolu's General Store.
 10185 | D:9      | Found Styhy's Food Emporium.
 10257 | D:9      | Noticed Duvessa
 10261 | D:9      | Noticed Dowan
 10269 | D:9      | Killed Duvessa
 10280 | D:9      | Killed Dowan
 10337 | D:9      | Found Ghemp's Gadget Emporium.
 10514 | D:9      | Found Crell's Weapon Boutique.
 10849 | D:10     | Entered Level 10 of the Dungeon
 11355 | D:9      | Reached skill level 9 in Invocations
 12083 | D:10     | Acquired Makhleb's second power
 12553 | D:10     | Reached skill level 10 in Invocations
 12568 | D:10     | Found a staircase to the Lair.
 12647 | D:10     | Noticed a hill giant
 12728 | D:10     | Noticed Nergalle
 12744 | D:10     | Noticed a spectral orc warlord
 13605 | D:10     | Reached skill level 5 in Dodging
 13630 | D:10     | Killed a hill giant
 13630 | D:10     | Reached XP level 11. HP: 71/71 MP: 22/25
 13979 | D:10     | Noticed a spectral orc warlord
 14311 | Lair:1   | Entered Level 1 of the Lair of Beasts
 14327 | Lair:1   | Acquired Makhleb's third power
 14421 | Lair:1   | Learned a level 2 spell: Swiftness
 14528 | Lair:1   | Reached skill level 1 in Charms
 15443 | Lair:1   | Acquired Makhleb's fourth power
 18051 | Lair:3   | Reached XP level 12. HP: 59/82 MP: 24/25
 18279 | Lair:3   | Found a dark tunnel.
 18287 | Volcano  | Entered a volcano
 19097 | Lair:3   | Reached skill level 5 in Charms
 19113 | Lair:3   | Noticed a four-headed hydra
 19934 | Lair:3   | Found a staircase to the Shoals.
 22033 | Lair:4   | Acquired Makhleb's fifth power
 22203 | Lair:4   | Noticed EmilioHeskey's ghost (powerful DDFi)
 22597 | Lair:4   | Reached skill level 5 in Spellcasting
 22710 | Lair:4   | Learned a level 6 spell: Haste
 22745 | Lair:4   | Reached XP level 13. HP: 53/88 MP: 17/27
 23040 | Lair:3   | Killed a four-headed hydra
 23080 | Lair:3   | HP: 1/105 [wolf (9)]
 24667 | Lair:4   | Found a staircase to the Snake Pit.
 25442 | Lair:4   | Reached skill level 10 in Charms
 27005 | Lair:5   | Found an ancient bone altar of Kikubaaqudgha.
 27216 | Lair:5   | Noticed Fannar
 27237 | Lair:5   | Killed Fannar
 27237 | Lair:5   | Reached skill level 11 in Charms
 29559 | Lair:6   | Reached skill level 12 in Charms
 29906 | Lair:6   | Found a staircase to the Slime Pits.
 30843 | Lair:7   | Reached XP level 14. HP: 94/94 MP: 12/27
 31092 | Lair:7   | Reached skill level 13 in Charms
 32043 | Lair:8   | Entered Level 8 of the Lair of Beasts
 32613 | Lair:8   | Reached skill level 10 in Unarmed Combat
 33125 | Lair:8   | Found a runed door.
 35014 | Lair:8   | Killed from afar by an ice dragon

Action                   |  1- 3 |  4- 6 |  7- 9 | 10-12 | 13-15 || total
-------------------------+-------+-------+-------+-------+-------++-------
Melee: Unarmed           |    52 |   122 |   312 |   885 |   942 ||  2313
       Spear             |    19 |       |       |       |       ||    19
       Staff             |       |       |       |       |    20 ||    20
 Fire: Hunting sling     |    24 |    48 |    35 |    58 |    37 ||   202
Throw: Stone             |     8 |     5 |    13 |     5 |       ||    31
 Cast: Beastly Appendage |     3 |     1 |     2 |     5 |       ||    11
       Spider Form       |     3 |    16 |    27 |    40 |    13 ||    99
       Sticks to Snakes  |     3 |     2 |       |    40 |    23 ||    68
       Ice Form          |       |       |    19 |    64 |    81 ||   164
       Swiftness         |       |       |       |     6 |     6 ||    12
       Haste             |       |       |       |       |    17 ||    17
Invok: Lesser Servant of |       |       |       |     7 |    14 ||    21
 Abil: End Transformatio |       |       |     2 |    14 |    11 ||    27
       Breathe Fire      |       |       |       |     3 |       ||     3
Evoke: Wand              |       |       |     1 |     1 |       ||     2
  Use: Scroll            |     4 |     3 |    10 |     7 |     8 ||    32
       Potion            |       |     4 |     2 |     8 |     5 ||    19
 Stab: Sleeping          |     4 |     2 |     4 |     3 |       ||    13
       Invisible         |       |       |     3 |     2 |       ||     5
       Distracted        |       |       |       |     6 |     6 ||    12
  Eat: Chunk             |     1 |     7 |    29 |    59 |    62 ||   158
       Bread ration      |     1 |       |       |       |       ||     1
       Pizza             |       |     1 |       |     2 |       ||     3
       Beef jerky        |       |       |     1 |       |       ||     1
       Fruit             |       |       |       |     4 |     3 ||     7
       Meat ration       |       |       |       |     1 |     1 ||     2
